 Seeded DCSS version 0.30-a0-279-g4b46babb21 (webtiles) character file.

Game seed: 14720310581446802608 (custom seed)

56 purpskrrrp the Sneak (level 3, -1/18 HPs)
             Began as a Vine Stalker Brigand on Oct 16, 2022.
             Slain by an iguana (6 damage)
             ... on level 2 of the Dungeon.
             The game lasted 00:01:59 (1214 turns).

purpskrrrp the Sneak (Vine Stalker Brigand)         Turns: 1214, Time: 00:02:00

Health: -1/18      AC:  7    Str: 13    XL:     3   Next: 97%
Magic:  0/4        EV: 11    Int: 11    God:
Gold:   57         SH:  0    Dex: 17    Spells: 2/2 levels left

rFire   . . .      SeeInvis .    e - +2 short sword (speed)
rCold   . . .      Faith    +    (no shield)
rNeg    . . .      Spirit   +    b - +0 robe
rPois   .          Reflect  .    (no helmet)
rElec   .          Harm     .    c - +0 cloak
rCorr   .          Rampage  .    m - +2 pair of gloves
Will    .....                    n - +0 pair of boots
Stlth   +++.......               l - amulet of faith
HPRegen 0.23/turn                (no ring)
MPRegen 0.09/turn                (no ring)

@: no status effects
A: fangs 2, magic shield, antimagic bite, no potion heal 2
a: no special abilities


You were on level 2 of the Dungeon.
You visited 1 branch of the dungeon, and saw 2 of its levels.

You collected 57 gold pieces.

Inventory:

Hand Weapons
 a - a +2 dagger
 e - a +2 short sword of speed (weapon)
Missiles
 d - 5 poisoned darts (quivered)
 j - 3 curare-tipped darts
Armour
 b - a +0 robe (worn)
 c - a +0 cloak (worn)
 m - a +2 pair of gloves (worn)
 n - a +0 pair of boots (worn)
Jewellery
 l - an amulet of faith (around neck)
 s - a ring of protection from fire
Scrolls
 g - a scroll of magic mapping {unknown}
 k - 2 scrolls of teleportation {unknown}
 o - a scroll of torment {unknown}
 p - a scroll of enchant weapon {unknown}
 q - a scroll of blinking {unknown}
Potions
 f - a potion of curing {unknown}
 h - 2 potions of heal wounds {unknown}
 i - a potion of haste {unknown}
 r - a potion of flight {unknown}


   Skills:
 - Level 1.8 Fighting
 + Level 2.9 Short Blades
 - Level 1.8 Throwing
 - Level 0.8 Dodging
 + Level 5.8 Stealth


You had 2 spell levels left.
You didn't know any spells.
Your spell library was empty.

Dungeon Overview and Level Annotations

Branches:
Dungeon (2/15)

Altars:


Innate Abilities, Weirdness & Mutations

You have extremely sharp teeth.
When hurt, damage is shared between your health and your magic reserves.
Your bite disrupts and absorbs the magic of your enemies.
Potions cannot restore your health.


Message History

s - a ring of protection from fire An iguana comes into view.
An iguana is nearby!
An iguana is nearby!
An iguana is nearby!
You hit the iguana.
The iguana is lightly wounded.
The iguana bites you!
You hit the iguana.
The iguana is lightly wounded.
You hit the iguana but do no damage.
The iguana is lightly wounded.
The iguana bites you but does no damage.
You hit the iguana. You bite the iguana, but do no damage.
The iguana is lightly wounded.
The iguana bites you!
Ouch! That really hurt!
* * * LOW HITPOINT WARNING * * *
You are too injured to fight recklessly!
You are too injured to fight recklessly!
You are too injured to fight recklessly!
You are too injured to fight recklessly!
You are too injured to fight recklessly!
You are too injured to fight recklessly!
You are too injured to fight recklessly!
You are too injured to fight recklessly!
You are too injured to fight recklessly!
You are too injured to fight recklessly!
You are too injured to fight recklessly!
You are too injured to fight recklessly!
You are too injured to fight recklessly!
You are too injured to fight recklessly!
You are too injured to fight recklessly!
You hit the iguana.
The iguana is moderately wounded.
Okay, then.
You hit the iguana.
The iguana is moderately wounded.
The iguana bites you!
You die...

# ######.#.#
#...@....#
#.###l..#..# ####.#
....# #....# ...##
#.#### #.## ######.#
.# #.. ## #......##
.# .. .. #.###...##
##+###### #.##.
#.##.....####...##..
....


You could see an iguana.

Vanquished Creatures
  An adder (D:2)
  A worm (D:2)
  4 dart slugs
  A bat (D:1)
  An endoplasm (D:1)
  4 goblins
  3 hobgoblins
  3 jackals (D:1)
  3 quokkas (D:1)
  6 ball pythons
  4 kobolds (D:1)
  2 rats (D:1)
33 creatures vanquished.

Notes
Turn   | Place    | Note
-------+----------+-------------------------------------------
     0 | D:1      | purpskrrrp the Vine Stalker Brigand began the quest for the
                  | Orb.
     0 | D:1      | Reached XP level 1. HP: 11/11 MP: 2/2
   209 | D:1      | Reached skill level 5 in Stealth
   252 | D:1      | Reached XP level 2. HP: 15/15 MP: 3/3
   460 | D:1      | Reached XP level 3. HP: 15/18 MP: 2/4
   988 | D:2      | Found a faded altar of an unknown god.
  1214 | D:2      | Slain by an iguana

Illustrated notes

Levels and vault maps discovered:
D:1:      giann_forest_graveyard, layout_basic
D:2:      minmay_general_purpose_star, layout_loops_corners,
          ebering_ecumenical_altar_petrified

Skill      XL: |  1 |
---------------+----+-----
Short Blades   | 2 |  2.9
Stealth        | 5 |  5.8
Fighting       | |  1.8
Throwing       | |  1.8
Dodging        | |  0.8

Action                   || total
-------------------------++-------
Melee: Dagger            ||    21
       Punch             ||     1
       Short sword       ||    38
       Bite              ||    15
Throw: Dart              ||    90
Armor: Robe              ||    11
Dodge: Dodged            ||    19

Table legend: (Time is in decaauts)
 A = Elapsed time spent in this place.
 B = Non-inter-level travel time spent in this place.
 C = Inter-level travel time spent in this place.
 D = Time resting spent in this place.
 E = Time spent auto-exploring this place.
 F = Levels seen in this place.
 G = Mean time per level.
                   A        B        C        D        E       F      G
               +--------+--------+--------+--------+--------+-----+--------+
         Total |   1187 |   1171 |     16 |      0 |    938 |   2 |  593.5 |
       Dungeon |   1187 |   1171 |     16 |      0 |    938 |   2 |  593.5 |
               +--------+--------+--------+--------+--------+-----+--------+

Top non-repeatable levels by time:
     D:1: 851 daAuts
     D:2: 336 daAuts
